 Dungeon Crawl Stone Soup version 0.25.1-9-gc5326a611f (webtiles) character file.

Game seed: 10193829366031374748

146 Khashishi the Sneak (level 5, -1/28 HPs)
             Began as a Kobold Enchanter on Dec 25, 2020.
             Slain by a hobgoblin
             ... wielding a +0 war axe
              (11 damage)
             ... on level 3 of the Dungeon.
             The game lasted 00:16:30 (3255 turns).

Khashishi the Sneak (Kobold Enchanter)              Turns: 3255, Time: 00:16:30

Health: -1/28      AC:  2    Str:  5    XL:     5   Next: 53%
Magic:  1/9        EV: 15    Int: 17    God:
Gold:   95         SH:  0    Dex: 16    Spells: 1/10 levels left

rFire    . . .     SeeInvis .   a - +1 dagger
rCold    . . .     Gourm    .   (shield restricted)
rNeg     . . .     Faith    .   m - +0 robe
rPois    .         Spirit   .   (no helmet)
rElec    .         Reflect  .   (no cloak)
rCorr    .         Harm     .   (no gloves)
MR       .....                  (no boots)
Stlth    +++.......             (no amulet)
HPRegen  0.09/turn              n - ring of wizardry
MPRegen  0.11/turn              (no ring)

@: no status effects
A: small, carnivore
a: no special abilities


You were on level 3 of the Dungeon.
You were very full.

You visited 1 branch of the dungeon, and saw 3 of its levels.

You collected 95 gold pieces.

Inventory:

Hand Weapons
 a - a +1 dagger (weapon)
 b - a +0 rapier
Missiles
 f - 82 stones (quivered)
 q - 9 bolts
Armour
 m - a +0 robe (worn)
Jewellery
 n - a ring of wizardry (left hand)
Scrolls
 c - 3 scrolls of identify {unknown}
 h - a scroll of random uselessness {unknown}
 j - a scroll of magic mapping {unknown}
 k - 2 scrolls of teleportation {unknown}
 p - 2 scrolls of remove curse {unknown}
Potions
 e - 2 potions of heal wounds {unknown}
 g - 2 potions of degeneration {unknown}
 i - a potion of brilliance {unknown}
 l - a potion of flight {unknown}
Comestibles
 d - 4 rations


   Skills:
 + Level 3.4 Short Blades
 + Level 2.7 Dodging
 + Level 5.4 Stealth
 - Level 3.0 Spellcasting
 + Level 3.9 Hexes


You had one spell level left.
You knew the following spells:

 Your Spells              Type           Power        Failure   Level  Hunger
a - Corona                Hex            ###....      1%          1    None
b - Ensorcelled Hibernat  Hex/Ice        #.....       4%          2    ##.....
c - Confusing Touch       Hex            ###.....     4%          3    ###....
d - Tukima's Dance        Hex            ###.....     4%          3    ###....

Your spell library contained the following spells:

 Spells                   Type           Power        Failure   Level  Hunger
 Dazzling Flash           Conj/Hex       #.....       10%         3    ###....


Dungeon Overview and Level Annotations

Branches:
Dungeon (3/15)

Altars:


Innate Abilities, Weirdness & Mutations

You are small and have problems with some larger weapons.
You are carnivorous and can eat meat at any time.


Message History

Casting: Ensorcelled Hibernation (safe; 4% risk of failure)
Confirm with . or Enter, or press ? or * to list all spells.
Aiming: Ensorcelled Hibernation (safe; 4% risk of failure)
Press: ? - help, Shift-Dir - straight line, f/p - hobgoblin
Aim: a hobgoblin, wielding a +0 war axe (severely wounded, chance to defeat MR: 58%)
The hobgoblin resists with significant effort.
The hobgoblin barely misses you.
There is an open door here.
Really walk into that dispersal trap?
You enter a dispersal trap!
The hobgoblin blinks! x2; You blink.
All of the chunks of flesh in your inventory have rotted away.
Casting: Ensorcelled Hibernation (safe; 4% risk of failure)
Confirm with . or Enter, or press ? or * to list all spells.
Aiming: Ensorcelled Hibernation (safe; 4% risk of failure)
Press: ? - help, Shift-Dir - straight line, f/p - hobgoblin
Aim: a hobgoblin, wielding a +0 war axe (heavily wounded, chance to defeat MR: 58%)
The hobgoblin resists with significant effort.
The hobgoblin barely misses you.
The hobgoblin hits you with a +0 war axe!
You die...

#............# ....###....
######...^...# #.........
#........### #.....)...
#...#'###..............
######..#.###.###..........
#..g..........###..........
#.#######.##....#....##....
#.......#g##....##### #....
#######.#g@.....# #....
#.#..###.## #.... #....#
#.########....
###...####.g.g..††.....
#...)....##########....
#.##.###.##......##....
#)##.#...##.####.......
#.#..#.#....# ####....
#####.#.##.#.############..


You could see 2 hobgoblins.

Vanquished Creatures
  An orc wizard (D:3)
  5 adders (D:2)
  An ooze (D:3)
  3 worms
  A leopard gecko (D:2)
  5 orcs (D:3)
  8 bats
  3 giant cockroaches
  5 goblins
  10 hobgoblins
  3 jackals (D:3)
  6 kobolds
  A quokka (D:2)
  2 frilled lizards
  A rat (D:1)
55 creatures vanquished.

Notes
Turn   | Place    | Note
-------+----------+-------------------------------------------
     0 | D:1      | Khashishi the Kobold Enchanter began the quest for the Orb.
     0 | D:1      | Reached XP level 1. HP: 10/10 MP: 3/3
     6 | D:1      | Noticed a black bear
     6 | D:1      | Noticed a five-headed hydra
     7 | D:1      | Noticed a black mamba
     7 | D:1      | Noticed a lindwurm
   390 | D:1      | Reached XP level 2. HP: 11/15 MP: 3/5
   394 | D:1      | Learned a level 2 spell: Ensorcelled Hibernation
  1382 | D:2      | Reached XP level 3. HP: 19/19 MP: 6/6
  1387 | D:2      | Learned a level 3 spell: Confusing Touch
  1619 | D:2      | Reached XP level 4. HP: 24/24 MP: 8/8
  2520 | D:2      | Reached skill level 5 in Stealth
  2520 | D:2      | Reached XP level 5. HP: 23/28 MP: 3/9
  2525 | D:2      | Learned a level 3 spell: Tukima's Dance
  3255 | D:3      | Slain by a hobgoblin

Illustrated notes

Levels and vault maps discovered:
D:1:      onia_arrival_zoo_common, layout_basic, chequers_serial_rivers_micro_e,
          st_stairs_6, minmay_misc_feat_columns, chequers_serial_rivers_micro_e
D:2:      layout_loops_cross
D:3:      layout_basic, uniq_sigmund

Skill      XL: |  1  2  3  4 |
---------------+-------------+-----
Short Blades   | 2 3 |  3.4
Stealth        | 5 |  5.4
Spellcasting   | 3 |  3.0
Dodging        | |  2.7
Hexes          | |  3.9

Action                   |  1- 3 |  4- 6 || total
-------------------------+-------+-------++-------
Melee: Dagger            |    62 |   112 ||   174
       Rapier            |       |     6 ||     6
 Cast: Corona            |     5 |     6 ||    11
       Ensorcelled Hiber |     9 |    41 ||    50
       Confusing Touch   |     1 |     3 ||     4
  Use: Potion            |     1 |       ||     1
 Stab: Sleeping          |    11 |    22 ||    33
       Confused          |     1 |     3 ||     4
  Eat: Chunk             |     9 |     9 ||    18
Armor: Robe              |    14 |    10 ||    24
Dodge: Dodged            |    44 |    89 ||   133
